| TOP OF THE 1ST |
|
Tri-City ValleyCats batting - Pitching for Idaho Falls Chukars : RHP Mike Valdez
|
|
Pitching: RHP Mike Valdez
|
|
|
Batting: RHB Ben Sutton
|
0-0: Ball 1-0: Foul Ball, location: 2F 1-1: Ball 2-1: Ball 3-1: Base on Balls
|
|
Batting: LHB Jackson Trottier
|
0-0: Ball 1-0: Swinging Strike 1-1: Swinging Strike 1-2: Strikes out looking
|
|
Batting: LHB Josh Corkery
|
0-0: Called Strike Ben Sutton is caught stealing 2nd base 2-6 0-1: Swinging Strike 0-2: Foul Ball, location: 2F 0-2: Ground out 4-3 (Groundball, 4, EV 79.4 MPH)
|
| Top of the 1st over - 0 runs, 0 hits, 0 errors, 0 left on base; Tri-City 0 - Idaho Falls 0 |
| BOTTOM OF THE 1ST |
|
Idaho Falls Chukars batting - Pitching for Tri-City ValleyCats : LHP Jason Mitchell
|
|
Pitching: LHP Jason Mitchell
|
|
|
Batting: RHB Ruben Luis
|
0-0: Ground out 4-3 (Groundball, 4, EV 88.8 MPH)
|
|
Batting: RHB Mike Bearden
|
0-0: Ground out 5-3 (Groundball, 56S, EV 67.5 MPH)
|
|
Batting: RHB Jonas Fernandez
|
0-0: Swinging Strike 0-1: Fly out, F9 (Flyball, 9S, EV 80.0 MPH)
|
| Bottom of the 1st over - 0 runs, 0 hits, 0 errors, 0 left on base; Tri-City 0 - Idaho Falls 0 |
| TOP OF THE 2ND |
|
Tri-City ValleyCats batting - Pitching for Idaho Falls Chukars : RHP Mike Valdez
|
|
Batting: RHB Dinand Brouwer
|
0-0: Called Strike 0-1: Swinging Strike 0-2: Strikes out swinging
|
|
Batting: LHB Wade Girard
|
0-0: Ball 1-0: Foul Ball, location: 2F 1-1: Swinging Strike 1-2: Foul Ball, location: 2F 1-2: Ball 2-2: Foul Ball, location: 2F 2-2: Strikes out swinging, 2-3 out at first.
|
|
Batting: RHB Kieron Clark
|
0-0: Called Strike 0-1: Ball 1-1: Foul Ball, location: 2F 1-2: Ball 2-2: Strikes out swinging
|
| Top of the 2nd over - 0 runs, 0 hits, 0 errors, 0 left on base; Tri-City 0 - Idaho Falls 0 |
| BOTTOM OF THE 2ND |
|
Idaho Falls Chukars batting - Pitching for Tri-City ValleyCats : LHP Jason Mitchell
|
|
Batting: RHB Chance Argy
|
0-0: Foul Ball, location: 2F 0-1: Ball 1-1: Ground out 4-3 (Groundball, 34D, EV 100.6 MPH)
|
|
Batting: RHB Ian Hornsby
|
0-0: Fly out, F6 (Popup, 6, EV 60.0 MPH)
|
|
Batting: RHB Jimmy Mayville
|
0-0: Foul Ball, location: 2F 0-1: Ball 1-1: Called Strike 1-2: Foul Ball, location: 2F 1-2: Foul Ball, location: 2F 1-2: Ball 2-2: Ball 3-2: Base on Balls
|
|
Batting: RHB Rafael Tapia
|
0-0: Ball 1-0: Ball 2-0: Ball 3-0: Called Strike 3-1: Swinging Strike 3-2: Foul Ball, location: 2F 3-2: Base on Balls Jimmy Mayville to second
|
|
Batting: RHB Trevor Kingston
|
0-0: Called Strike 0-1: Called Strike 0-2: Strikes out swinging
|
| Bottom of the 2nd over - 0 runs, 0 hits, 0 errors, 2 left on base; Tri-City 0 - Idaho Falls 0 |
| TOP OF THE 3RD |
|
Tri-City ValleyCats batting - Pitching for Idaho Falls Chukars : RHP Mike Valdez
|
|
Pitching: LHP Kentaro Shimasaki
|
|
|
Batting: RHB Steve Moore
|
0-0: Foul Ball, location: 2F 0-1: Ball 1-1: Ball 2-1: Swinging Strike 2-2: Foul Ball, location: 2F 2-2: Strikes out looking
|
|
Batting: RHB Omar Amaya
|
0-0: Ball 1-0: Called Strike 1-1: Ball 2-1: Foul Ball, location: 2F 2-2: Foul Ball, location: 2F 2-2: Ball 3-2: Foul Ball, location: 2F 3-2: Base on Balls
|
|
Batting: RHB Ray Souza
|
0-0: Called Strike 0-1: Swinging Strike 0-2: Foul Ball, location: 2F 0-2: Foul Ball, location: 2F 0-2: Ball 1-2: Ball 2-2: Foul Ball, location: 2F 2-2: Ball 3-2: Base on Balls Omar Amaya to second
|
|
Pitching: RHP Francisco Reyes
|
|
|
Batting: RHB Ben Sutton
|
0-0: Ball 1-0: Ball Omar Amaya steals 3rd base 2-0: TRIPLE (Flyball, 78XD, EV 93.8 MPH) Omar Amaya scores Ray Souza scores
|
|
Batting: LHB Jackson Trottier
|
0-0: Ball Passed Ball! Ben Sutton scores 1-0: Ground out U3 (Groundball, 3, EV 100.0 MPH)
|
|
Batting: LHB Josh Corkery
|
0-0: Foul Ball, location: 2F 0-1: Ball 1-1: Foul Ball, location: 2F 1-2: Ball 2-2: Ball 3-2: Base on Balls
|
|
Batting: RHB Dinand Brouwer
|
0-0: Called Strike 0-1: Ball Balk! Josh Corkery to second 1-1: Foul Ball, location: 2F 1-2: Strikes out swinging
|
| Top of the 3rd over - 3 runs, 1 hit, 0 errors, 1 left on base; Tri-City 3 - Idaho Falls 0 |
| BOTTOM OF THE 3RD |
|
Idaho Falls Chukars batting - Pitching for Tri-City ValleyCats : LHP Jason Mitchell
|
|
Batting: SHB Benoît Morin
|
0-0: Called Strike 0-1: Ground out 6-3 (Groundball, 6, EV 86.2 MPH)
|
|
Batting: RHB Ruben Luis
|
0-0: Foul Ball, location: 2F 0-1: Foul Ball, location: 2F 0-2: Foul Ball, location: 2F 0-2: Strikes out looking
|
|
Batting: RHB Mike Bearden
|
0-0: Called Strike 0-1: Ball 1-1: Ground out 6-3 (Groundball, 6, EV 93.8 MPH)
|
| Bottom of the 3rd over - 0 runs, 0 hits, 0 errors, 0 left on base; Tri-City 3 - Idaho Falls 0 |
| TOP OF THE 4TH |
|
Tri-City ValleyCats batting - Pitching for Idaho Falls Chukars : RHP Francisco Reyes
|
|
Batting: LHB Wade Girard
|
0-0: Ball 1-0: Ball 2-0: Ball 3-0: Called Strike 3-1: Foul Ball, location: 2F 3-2: Base on Balls
|
|
Pitching: LHP Bin Ya
|
|
|
Batting: RHB Kieron Clark
|
0-0: Ball 1-0: Called Strike 1-1: Foul Ball, location: 2F 1-2: Foul Ball, location: 2F 1-2: Ball 2-2: Ball 3-2: Base on Balls Wade Girard to second
|
|
Batting: RHB Steve Moore
|
0-0: Ball 1-0: Ball 2-0: 3-RUN HOME RUN (Flyball, 7D, EV 100.0 MPH), Distance : 375 ft
|
|
Batting: RHB Omar Amaya
|
0-0: Ball 1-0: Foul Ball, location: 2F 1-1: Swinging Strike 1-2: SINGLE (Groundball, 4MD, EV 101.9 MPH)
|
|
Batting: RHB Ray Souza
|
0-0: Ball 1-0: SINGLE (Groundball, 6MD, EV 101.9 MPH) Omar Amaya to second Runner from 2nd tries for 3rd, OUT after rundown.
|
|
Batting: RHB Ben Sutton
|
0-0: Ball 1-0: Ball 2-0: Called Strike 2-1: Ball 3-1: SINGLE (Groundball, 56D, EV 98.8 MPH) Ray Souza to second
|
|
Pitching: RHP Jason Meade
|
|
|
Batting: LHB Jackson Trottier
|
0-0: Hit by Pitch Ray Souza to third Ben Sutton to second
|
|
Batting: LHB Josh Corkery
|
0-0: Swinging Strike 0-1: Ball 1-1: Ball 2-1: Foul Ball, location: 2F 2-2: SINGLE (Line Drive, 56, EV 98.8 MPH) Ray Souza scores Ben Sutton to third Jackson Trottier to second
|
|
Batting: RHB Dinand Brouwer
|
0-0: Ball 1-0: Ball 2-0: Foul Ball, location: 2F 2-1: Ball 3-1: Foul Ball, location: 2F 3-2: Strikes out swinging
|
|
Batting: LHB Wade Girard
|
0-0: Ball 1-0: Called Strike 1-1: Ball 2-1: Ball 3-1: Base on Balls Ben Sutton scores Jackson Trottier to third Josh Corkery to second
|
|
Batting: RHB Kieron Clark
|
0-0: Foul Ball, location: 2F 0-1: Ball 1-1: Ground out 5-3 (Groundball, 56, EV 103.1 MPH)
|
| Top of the 4th over - 5 runs, 5 hits, 0 errors, 3 left on base; Tri-City 8 - Idaho Falls 0 |
| BOTTOM OF THE 4TH |
|
Idaho Falls Chukars batting - Pitching for Tri-City ValleyCats : LHP Jason Mitchell
|
|
Batting: RHB Jonas Fernandez
|
0-0: Called Strike 0-1: Swinging Strike 0-2: Ball 1-2: Ground out U3 (Groundball, 34, EV 108.8 MPH)
|
|
Batting: RHB Chance Argy
|
0-0: Ball 1-0: Ball 2-0: Swinging Strike 2-1: Foul Ball, location: 2F 2-2: SINGLE (Groundball, 4MD, EV 106.2 MPH)
|
|
Batting: RHB Ian Hornsby
|
0-0: Ball 1-0: Called Strike 1-1: Called Strike 1-2: Strikes out swinging
|
|
Batting: RHB Jimmy Mayville
|
0-0: Called Strike 0-1: Ball Wild Pitch! Chance Argy to second 1-1: Ball 2-1: Foul Ball, location: 2F 2-2: Strikes out looking
|
| Bottom of the 4th over - 0 runs, 1 hit, 0 errors, 1 left on base; Tri-City 8 - Idaho Falls 0 |
| TOP OF THE 5TH |
|
Tri-City ValleyCats batting - Pitching for Idaho Falls Chukars : RHP Jason Meade
|
|
Pitching: RHP Bryan Kiefer
|
|
|
Batting: RHB Steve Moore
|
0-0: Ground out 6-3 (Groundball, 6, EV 86.2 MPH)
|
|
Batting: RHB Omar Amaya
|
0-0: Foul Ball, location: 2F 0-1: Ground out 4-3 (Groundball, 4M, EV 80.0 MPH)
|
|
Batting: RHB Ray Souza
|
0-0: Ball 1-0: DOUBLE (Line Drive, 7LM, EV 105.6 MPH)
|
|
Batting: RHB Ben Sutton
|
0-0: Ball 1-0: Ball 2-0: SINGLE (Groundball, 56S, EV 69.4 MPH) (infield hit) Ray Souza to third
|
|
Batting: LHB Jackson Trottier
|
0-0: Called Strike 0-1: Called Strike 0-2: Ball 1-2: SINGLE (Groundball, 4M, EV 98.1 MPH) (infield hit) Ray Souza scores Ben Sutton to second
|
|
Batting: LHB Josh Corkery
|
0-0: Ball 1-0: Swinging Strike 1-1: Ball 2-1: Ball 3-1: Base on Balls Ben Sutton to third Jackson Trottier to second
|
|
Batting: RHB Dinand Brouwer
|
0-0: Foul Ball, location: 2F 0-1: Ball 1-1: Ball 2-1: Ball 3-1: Base on Balls Ben Sutton scores Jackson Trottier to third Josh Corkery to second
|
|
Pitching: LHP Hyoji Kawabata
|
|
|
Batting: LHB Wade Girard
|
0-0: Ball 1-0: Ground out U3 (Groundball, 23, EV 90.0 MPH)
|
| Top of the 5th over - 2 runs, 3 hits, 0 errors, 3 left on base; Tri-City 10 - Idaho Falls 0 |
| BOTTOM OF THE 5TH |
|
Idaho Falls Chukars batting - Pitching for Tri-City ValleyCats : LHP Jason Mitchell
|
|
Batting: RHB Rafael Tapia
|
0-0: Ball 1-0: Ball 2-0: Ball 3-0: Base on Balls
|
|
Batting: RHB Trevor Kingston
|
0-0: Ball 1-0: Called Strike 1-1: Swinging Strike 1-2: Strikes out looking
|
|
Batting: SHB Benoît Morin
|
0-0: Ball 1-0: Ball 2-0: Called Strike 2-1: Foul Ball, location: 2F 2-2: Ball 3-2: Foul Ball, location: 2F 3-2: Foul Ball, location: 2F 3-2: Base on Balls Rafael Tapia to second
|
|
Batting: RHB Ruben Luis
|
0-0: Fly out, F7 (Flyball, 7LSF, EV 79.4 MPH)
|
|
Batting: RHB Mike Bearden
|
0-0: Called Strike 0-1: Ground out 2-3 (Groundball, 15S, EV 61.2 MPH)
|
| Bottom of the 5th over - 0 runs, 0 hits, 0 errors, 2 left on base; Tri-City 10 - Idaho Falls 0 |
| TOP OF THE 6TH |
|
Tri-City ValleyCats batting - Pitching for Idaho Falls Chukars : LHP Hyoji Kawabata
|
|
Batting: RHB Kieron Clark
|
0-0: Called Strike 0-1: Ball 1-1: Called Strike 1-2: Strikes out swinging
|
|
Batting: RHB Steve Moore
|
0-0: Called Strike 0-1: Ball 1-1: Ball 2-1: SINGLE (Groundball, 6M, EV 90.0 MPH) (infield hit)
|
|
Batting: RHB Omar Amaya
|
0-0: Called Strike 0-1: Ball 1-1: Foul Ball, location: 2F 1-2: Strikes out swinging
|
|
Batting: RHB Ray Souza
|
0-0: Ball 1-0: Ball 2-0: Called Strike 2-1: Foul Ball, location: 2F 2-2: Fielders Choice at 2nd, 6-4 (Groundball, 6, EV 111.2 MPH)
|
| Top of the 6th over - 0 runs, 1 hit, 0 errors, 1 left on base; Tri-City 10 - Idaho Falls 0 |
| BOTTOM OF THE 6TH |
|
Idaho Falls Chukars batting - Pitching for Tri-City ValleyCats : LHP Jason Mitchell
|
|
Batting: RHB Jonas Fernandez
|
0-0: Called Strike 0-1: Ground out 4-3 (Groundball, 13, EV 85.0 MPH)
|
|
Batting: RHB Chance Argy
|
0-0: Ball 1-0: Ball 2-0: Called Strike 2-1: Foul Ball, location: 2F 2-2: Strikes out swinging
|
|
Batting: RHB Ian Hornsby
|
0-0: Ball 1-0: Ball 2-0: Ball 3-0: Called Strike 3-1: Called Strike 3-2: Foul Ball, location: 2F 3-2: Foul Ball, location: 2F 3-2: Base on Balls
|
|
Batting: RHB Jimmy Mayville
|
0-0: Called Strike 0-1: SINGLE (Groundball, 4MD, EV 105.6 MPH) Ian Hornsby to second
|
|
Batting: RHB Rafael Tapia
|
0-0: Ball 1-0: Called Strike 1-1: Foul Ball, location: 2F 1-2: Ground out 5-3 (Groundball, 56S, EV 67.5 MPH)
|
| Bottom of the 6th over - 0 runs, 1 hit, 0 errors, 2 left on base; Tri-City 10 - Idaho Falls 0 |
| TOP OF THE 7TH |
|
Tri-City ValleyCats batting - Pitching for Idaho Falls Chukars : LHP Hyoji Kawabata
|
|
Pitching: RHP Jim Haggart
|
|
|
Batting: RHB Ben Sutton
|
0-0: Called Strike 0-1: Ball 1-1: Ball 2-1: Foul Ball, location: 2F 2-2: Ball 3-2: Strikes out swinging
|
|
Pinch Hitting: SHB Sean Hill
|
0-0: Ball 1-0: Foul Ball, location: 2F 1-1: Foul Ball, location: 2F 1-2: Foul Ball, location: 2F 1-2: Ball 2-2: Foul Ball, location: 2F 2-2: Foul Ball, location: 2F 2-2: Strikes out swinging
|
|
Batting: LHB Josh Corkery
|
0-0: Ball 1-0: Ball 2-0: Ball 3-0: Called Strike 3-1: Foul Ball, location: 2F 3-2: Foul Ball, location: 2F 3-2: Foul Ball, location: 2F 3-2: Ground out 1-3 (Groundball, 13S, EV 69.4 MPH)
|
| Top of the 7th over - 0 runs, 0 hits, 0 errors, 0 left on base; Tri-City 10 - Idaho Falls 0 |
| BOTTOM OF THE 7TH |
|
Idaho Falls Chukars batting - Pitching for Tri-City ValleyCats : LHP Jason Mitchell
|
|
Now in LF: Sean Hill
|
|
|
Now in RF: Wade Girard
|
|
|
Pinch Hitting: RHB Chris Stec
|
0-0: Called Strike 0-1: Ball 1-1: Foul Ball, location: 2F 1-2: DOUBLE (Line Drive, 89D, EV 108.8 MPH)
|
|
Batting: SHB Benoît Morin
|
0-0: Called Strike 0-1: Foul Ball, location: 2F 0-2: Ball 1-2: Foul Ball, location: 2F 1-2: Ground out 5-3 (Groundball, 56S, EV 62.5 MPH) Chris Stec to third
|
|
Batting: RHB Ruben Luis
|
0-0: Ball 1-0: Ball 2-0: Called Strike 2-1: Called Strike 2-2: Ball 3-2: Base on Balls
|
|
Pitching: RHP Addick Huiberts
|
|
|
Batting: RHB Mike Bearden
|
0-0: Called Strike 0-1: Ball 1-1: Ball Ruben Luis steals 2nd base (no throw) 2-1: Ball 3-1: Foul Ball, location: 2F 3-2: Base on Balls
|
|
Batting: RHB Jonas Fernandez
|
0-0: Called Strike 0-1: Ball 1-1: Fly out, F9 (Line Drive, 9, EV 97.5 MPH)
|
|
Batting: RHB Chance Argy
|
0-0: Called Strike 0-1: SINGLE (Groundball, 56D, EV 94.4 MPH) Chris Stec scores Ruben Luis to third Mike Bearden to second Runner from 3rd tries for Home, SAFE, throw by LF to home
|
|
Batting: RHB Ian Hornsby
|
0-0: Foul Ball, location: 2F 0-1: Ball 1-1: Ball 2-1: Ball 3-1: Base on Balls Mike Bearden to third Chance Argy to second
|
|
Batting: RHB Jimmy Mayville
|
0-0: Ball 1-0: Fly out, F8 (Flyball, 8LD, EV 95.6 MPH)
|
| Bottom of the 7th over - 2 runs, 2 hits, 0 errors, 3 left on base; Tri-City 10 - Idaho Falls 2 |
| TOP OF THE 8TH |
|
Tri-City ValleyCats batting - Pitching for Idaho Falls Chukars : RHP Jim Haggart
|
|
Now in LF: Chris Stec
|
|
|
Batting: RHB Dinand Brouwer
|
0-0: Ball 1-0: Fly out, F7 (Flyball, 7, EV 92.5 MPH)
|
|
Batting: LHB Wade Girard
|
0-0: SINGLE (Groundball, 4MD, EV 101.9 MPH)
|
|
Batting: RHB Kieron Clark
|
0-0: Swinging Strike 0-1: Ball 1-1: Called Strike 1-2: Hit by Pitch Wade Girard to second
|
|
Batting: RHB Steve Moore
|
0-0: Ball 1-0: Foul Ball, location: 2F 1-1: Fielders Choice at 2nd, 1-4 (Groundball, 15S, EV 70.6 MPH) Wade Girard to third
|
|
Batting: RHB Omar Amaya
|
0-0: Swinging Strike 0-1: Swinging Strike 0-2: SINGLE (Groundball, 56S, EV 67.5 MPH) (infield hit) Wade Girard scores Steve Moore to second
|
|
Batting: RHB Ray Souza
|
0-0: Ball 1-0: Ball 2-0: Ball 3-0: Base on Balls Steve Moore to third Omar Amaya to second
|
|
Batting: RHB Ben Sutton
|
0-0: SINGLE (Flyball, 4MD, EV 92.5 MPH) Steve Moore scores Omar Amaya to third Ray Souza to second Runner from 3rd tries for Home, SAFE, throw by CF to home
|
|
Pitching: LHP David Bearden
|
|
|
Batting: SHB Sean Hill
|
0-0: Swinging Strike 0-1: Hit by Pitch Ray Souza to third Ben Sutton to second
|
|
Batting: LHB Josh Corkery
|
0-0: Ball 1-0: Called Strike 1-1: GRAND SLAM HOME RUN (Flyball, 9D, EV 98.8 MPH), Distance : 370 ft
|
|
Pinch Hitting: LHB Tomas de Zeeuw
|
0-0: Called Strike 0-1: Ground out U3 (Groundball, 34S, EV 86.9 MPH)
|
| Top of the 8th over - 7 runs, 4 hits, 0 errors, 0 left on base; Tri-City 17 - Idaho Falls 2 |
| BOTTOM OF THE 8TH |
|
Idaho Falls Chukars batting - Pitching for Tri-City ValleyCats : RHP Addick Huiberts
|
|
Now at 1B: Sean Hill
|
|
|
Now in LF: Tomas de Zeeuw
|
|
|
Batting: RHB Rafael Tapia
|
0-0: Ground out 6-3 (Groundball, 6, EV 85.0 MPH)
|
|
Pinch Hitting: LHB Vicente Hernandez
|
0-0: Foul Ball, location: 2F 0-1: Ball 1-1: Ground out U3 (Groundball, 3L, EV 85.0 MPH)
|
|
Batting: SHB Benoît Morin
|
0-0: Ball 1-0: Ball 2-0: Ball 3-0: Base on Balls
|
|
Batting: RHB Ruben Luis
|
0-0: Swinging Strike 0-1: Ball 1-1: Foul Ball, location: 2F 1-2: Fielders Choice at 2nd, 5-4 (Groundball, 56, EV 91.9 MPH)
|
| Bottom of the 8th over - 0 runs, 0 hits, 0 errors, 1 left on base; Tri-City 17 - Idaho Falls 2 |
| TOP OF THE 9TH |
|
Tri-City ValleyCats batting - Pitching for Idaho Falls Chukars : LHP David Bearden
|
|
Now in LF: Dave Saldana
|
|
|
Batting: LHB Wade Girard
|
0-0: Fly out, F7 (Flyball, 78D, EV 86.2 MPH)
|
|
Batting: RHB Kieron Clark
|
0-0: Called Strike 0-1: Foul Ball, location: 2F 0-2: Ball 1-2: Ball 2-2: Foul Ball, location: 2F 2-2: Foul Ball, location: 2F 2-2: Foul Ball, location: 2F 2-2: SINGLE (Groundball, 56D, EV 106.9 MPH)
|
|
Batting: RHB Steve Moore
|
0-0: Ball 1-0: SINGLE (Groundball, 56S, EV 66.2 MPH) (infield hit) Kieron Clark to second
|
|
Batting: RHB Omar Amaya
|
0-0: Swinging Strike 0-1: Ball 1-1: TRIPLE (Groundball, 5L, EV 101.2 MPH) Kieron Clark scores Steve Moore scores
|
|
Pitching: LHP Shohei Nishi
|
|
|
Batting: RHB Ray Souza
|
0-0: Ball 1-0: Ground out 6-3 (Groundball, 6S, EV 93.1 MPH) Omar Amaya scores
|
|
Batting: RHB Ben Sutton
|
0-0: Ball 1-0: Ball 2-0: Ball 3-0: Called Strike 3-1: Base on Balls
|
|
Batting: SHB Sean Hill
|
0-0: Swinging Strike 0-1: Ball 1-1: Called Strike 1-2: Strikes out looking
|
| Top of the 9th over - 3 runs, 3 hits, 0 errors, 1 left on base; Tri-City 20 - Idaho Falls 2 |
| BOTTOM OF THE 9TH |
|
Idaho Falls Chukars batting - Pitching for Tri-City ValleyCats : RHP Addick Huiberts
|
|
Batting: RHB Mike Bearden
|
0-0: Foul Ball, location: 2F 0-1: Swinging Strike 0-2: Ball 1-2: Ball 2-2: Foul Ball, location: 2F 2-2: Foul Ball, location: 2F 2-2: Foul Ball, location: 2F 2-2: Foul Ball, location: 2F 2-2: Ball 3-2: Foul Ball, location: 2F 3-2: Strikes out swinging
|
|
Batting: RHB Jonas Fernandez
|
0-0: Ball 1-0: Ball 2-0: Swinging Strike 2-1: Swinging Strike 2-2: Ball 3-2: Strikes out swinging
|
|
Pitching: RHP Max Warburton
|
|
|
Batting: RHB Chance Argy
|
0-0: Called Strike 0-1: Called Strike 0-2: Fly out, F3 (Line Drive, 3, EV 71.2 MPH)
|
| Bottom of the 9th over - 0 runs, 0 hits, 0 errors, 0 left on base; Tri-City 20 - Idaho Falls 2 |
|